 Dungeon Crawl Stone Soup version 0.30-a0-269-gf0224bf7b6 (webtiles) character file.

Game seed: 3225013338718422346

683 brknglss the Magician (level 7, -2/50 HPs)
             Began as a Djinni Fire Elementalist on Oct 13, 2022.
             Was an Initiate of Ashenzari.
             Slain by a gnoll
             ... wielding a +0 whip
             ... led by a gnoll bouda
              (5 damage)
             ... on level 6 of the Dungeon on Oct 14, 2022.
             The game lasted 00:11:53 (5134 turns).

brknglss the Magician (Djinni Fire Elementalist)    Turns: 5134, Time: 00:11:54

Health: -2/50      AC:  4    Str:  7    XL:     7   Next: 93%
Gold:   236        EV: 13    Int: 18    God:    Ashenzari [......] SH:  0 Dex: 14

rFire   + + .      SeeInvis .    k - +2 dagger (vamp)
rCold   x . .      Faith    .    (no shield)
rNeg    + . .      Spirit   .    a - +0 robe
rPois   ∞          Reflect  .    z - +1 helmet
rElec   .          Harm     .    (no cloak)
rCorr   .          Rampage  .    (no gloves)
Will    .....                    (boots unavailable)
Stlth   ++........               (no amulet)
HPRegen 0.28/turn                i - ring of positive energy
MPRegen 0.00/turn                (no ring)

@: flying
A: sickness immunity, fire resistance 2, cold vulnerability 1, float, innate
caster, HP casting, extra vitality 1
a: Renounce Religion, Curse Item


You were on level 6 of the Dungeon.
You worshipped Ashenzari.
Ashenzari was noncommittal.
You visited 1 branch of the dungeon, and saw 6 of its levels.

You collected 236 gold pieces.

Inventory:

Hand Weapons
 k - a +2 vampiric dagger (weapon)
Missiles
 l - 4 poisoned darts
 w - 2 throwing nets
Armour
 a - a +0 robe (worn)
 z - a +1 helmet (worn)
Jewellery
 i - a ring of positive energy (left hand)
Wands
 j - a wand of light (4)
 m - a wand of iceblast (9)
Scrolls
 d - a scroll of enchant weapon
 g - 2 scrolls of blinking
 n - a scroll of enchant armour
 y - a scroll of vulnerability
Potions
 b - 3 potions of heal wounds
 c - 2 potions of brilliance
 e - 4 potions of might
 f - 2 potions of curing
 q - a potion of lignification
 r - a potion of cancellation
 s - 3 potions of flight
 u - 2 potions of ambrosia
 x - a potion of resistance


   Skills:
 + Level 3.3 Fighting
 + Level 3.4 Armour
 + Level 4.4 Dodging
 - Level 1.5 Stealth
 * Level 4.5 Spellcasting


You couldn't memorise any spells.
You knew the following spells:

 Your Spells              Type           Power      Damage    Failure   Level
a - Foxfire               Conj/Fire      80%        2x1d8     2%          1
b - Scorch                Fire           40%        2d7       3%          2
c - Kindle Blastsparks    Fire/Tloc/Air  40%        2d13      6%          3
d - Inner Flame           Hex/Fire       20%        N/A       6%          3
e - Flame Wave            Conj/Fire      20%        2d7       22%         4
f - Freeze                Ice            80%        1d9       2%          1
g - Searing Ray           Conj           40%        2d5       3%          2
h - Ensorcelled Hibernat  Hex/Ice        40%        N/A       3%          2
Your spell library was empty.

Dungeon Overview and Level Annotations

Branches:
Dungeon (6/15)             Temple (0/1) D:5

Altars:
Ashenzari
Fedhas
Makhleb
Uskayaw
Xom

Shops:
D:4 [


Innate Abilities, Weirdness & Mutations

You are immune to sickness and miasma.
You are immune to poison.
Your flesh is very heat resistant. (rF++)
You are vulnerable to cold. (rC-)
You float through the air rather than walking.
You learn spells naturally, not from books.
Your magical power is your life essence.
You have superior vitality. (+4 MHP)


Message History

The gnoll bouda is heavily wounded.
The searing ray hits the orc.
The orc is heavily wounded.
* * * LOW HITPOINT WARNING * * *
You finish channelling your searing ray.
The gnoll misses you. The gnoll attacks as you move away!
The gnoll hits you but does no damage.
The gnoll bouda attacks as you move away!
The gnoll bouda hits you with a +0 whip.
* * * LOW HITPOINT WARNING * * *
The gnoll barely misses you. The gnoll hits you with a +0 whip.
* * * LOW HITPOINT WARNING * * *
The gnoll hits you but does no damage. The gnoll attacks as you move away!
The gnoll hits you with a +0 whip.
* * * LOW HITPOINT WARNING * * *
The gnoll is no longer moving quickly.
The gnoll bouda gazes fiercely through you!
You feel your attacks grow feeble. The gnoll closely misses you.
The gnoll bouda barks out a call to the hunt!
The gnoll picks up the pace!
The gnoll is no longer moving quickly.
The gnoll bouda barks out a call to the hunt!
The gnoll picks up the pace!
The gnoll attacks as you move away! The gnoll barely misses you.
The gnoll attacks as you move away! The gnoll hits you but does no damage.
Your attacks no longer feel as feeble.
There is a stone staircase leading down here.
The gnoll barely misses you. The gnoll hits you with a +0 club.
* * * LOW HITPOINT WARNING * * *
You fly downwards.
There is a stone staircase leading up here.
Casting: Searing Ray (safe; 3% risk of failure)
Confirm with . or Enter, or press ? or * to list all spells.
Flames lash the gnoll.
You kill the gnoll!
* * * LOW HITPOINT WARNING * * *
The gnoll hits you with a +0 whip.
You die...

#####
#)@.#
#...g.#
##....#
#....#
#....#
##...#
#...#
#....


You could see a gnoll (swift).

Vanquished Creatures
  A water moccasin (D:3)
  An ice beast (D:5)
  A hound (D:4)
  Terence (D:2)
  5 iguanas
  An orc wizard (D:5)
  Robin (D:4)
  5 adders
  11 gnolls
  2 ufetubi
  A worm (D:2)
  A dart slug (D:4)
  13 orcs
  5 bats
  6 endoplasms
  A giant cockroach (D:3)
  18 goblins
  6 hobgoblins
  3 quokkas
  7 ball pythons
  3 frilled lizards
  9 kobolds
  3 rats (D:1)
105 creatures vanquished.

Vanquished Creatures (others)
  243 foxfires
243 creatures vanquished.

Grand Total: 348 creatures vanquished

Notes
Turn   | Place    | Note
-------+----------+-------------------------------------------
     0 | D:1      | brknglss the Djinni Fire Elementalist began the quest for
                  | the Orb.
     0 | D:1      | brknglss set off with the following spells memorised:
                  | Foxfire, Scorch, Kindle Blastsparks, Inner Flame, Flame
                  | Wave.
     0 | D:1      | Reached XP level 1. HP: 15/15 MP: 0/0
   238 | D:1      | Reached XP level 2. HP: 10/22 MP: 0/0
   815 | D:1      | Reached XP level 3. HP: 23/26 MP: 0/0
   815 | D:1      | Learned a level 1 spell: Freeze
  1066 | D:2      | Reached skill level 1 in Fighting
  1066 | D:2      | Reached skill level 1 in Armour
  1139 | D:2      | Found a faded altar of an unknown god.
  1208 | D:2      | Reached XP level 4. HP: 28/32 MP: 0/0
  1876 | D:2      | Noticed Terence
  1886 | D:2      | Killed Terence
  2445 | D:3      | Found a broken altar of Ashenzari.
  2445 | D:3      | Noticed a water moccasin
  2453 | D:3      | Killed a water moccasin
  2454 | D:3      | Reached XP level 5. HP: 28/38 MP: 0/0
  2454 | D:3      | Learned a level 2 spell: Searing Ray
  2454 | D:3      | Reached XP level 6. HP: 32/43 MP: 0/0
  2504 | D:3      | Upgraded the game from 0.30-a0-263-ge22c4ad894 to
                  | 0.30-a0-269-gf0224bf7b6
  2511 | D:3      | Became a worshipper of Ashenzari the Shackled
  2890 | D:3      | Found a burning altar of Makhleb.
  3170 | D:4      | Noticed Robin
  3178 | D:4      | Killed Robin
  3730 | D:4      | Reached XP level 7. HP: 45/49 MP: 0/0
  3730 | D:4      | Learned a level 2 spell: Ensorcelled Hibernation
  4197 | D:4      | Found Qeomeo's Antique Armour Emporium.
  4346 | D:4      | Found a blossoming altar of Fedhas.
  4593 | D:5      | Entered Level 5 of the Dungeon
  4762 | D:5      | Found a hide-covered altar of Uskayaw.
  5073 | D:5      | Found a shimmering altar of Xom.
  5097 | D:5      | Found a staircase to the Ecumenical Temple.
  5134 | D:6      | Slain by a gnoll

Illustrated notes

Levels and vault maps discovered:
D:1:      dpeg_arrival_tiny_c, layout_basic
D:2:      layout_basic, dreamdust_ecumenical_altar_grove,
          roderic_serpentine_path, bh_walls_and_bars, uniq_terence
D:3:      layout_basic, mainiacjoe_overflow_alcove_1, bloody_makhleb
D:4:      layout_basic, lemuel_round_altar, kennysheep_mini, kennysheep_diamond,
          minmay_crossroads, uniq_robin
D:5:      layout_basic, overflow_temple_1_default, lemuel_doored_altar,
          minmay_temple_entry_grid
D:6:      layout_layer_cave, grunt_decor_junction, grunt_tough_drop,
          uniq_sigmund

Skill      XL: |  1  2  3  4  5  6  7 |
---------------+----------------------+-----
Fighting       | 1 2 3 |  3.3
Armour         | 1 2 3 |  3.4
Spellcasting   | 3 4 |  4.5
Dodging        | 3 4 |  4.4
Stealth        | |  1.5

Action                   |  1- 3 |  4- 6 |  7- 9 || total
-------------------------+-------+-------+-------++-------
Melee: Unarmed           |     4 |       |       ||     4
       Dagger            |    22 |    14 |       ||    36
       Short sword       |     6 |       |       ||     6
 Cast: Foxfire           |    59 |    44 |    43 ||   146
       Scorch            |     3 |    24 |    13 ||    40
       Searing Ray       |       |     4 |     2 ||     6
       Kindle Blastspark |       |     1 |       ||     1
  Use: Scroll            |       |     5 |    13 ||    18
 Stab: Sleeping          |     1 |     2 |       ||     3
Armor: Robe              |    10 |     4 |     3 ||    17
Dodge: Dodged            |    28 |    23 |    19 ||    70

Table legend: (Time is in decaauts)
 A = Elapsed time spent in this place.
 B = Non-inter-level travel time spent in this place.
 C = Inter-level travel time spent in this place.
 D = Time resting spent in this place.
 E = Time spent auto-exploring this place.
 F = Levels seen in this place.
 G = Mean time per level.
                   A        B        C        D        E       F      G
               +--------+--------+--------+--------+--------+-----+--------+
         Total |   5131 |   4973 |    158 |   1125 |   2986 |   6 |  855.2 |
       Dungeon |   5131 |   4973 |    158 |   1125 |   2986 |   6 |  855.2 |
               +--------+--------+--------+--------+--------+-----+--------+

Top non-repeatable levels by time:
     D:4: 1427 daAuts
     D:2: 1115 daAuts
     D:1: 1055 daAuts
     D:3: 991 daAuts
     D:5: 539 daAuts
     D:6: 0 daAuts
